 Dungeon Crawl Stone Soup version 0.31.0-12-g77e489cdc1 (webtiles) character file.

Game seed: 10986525475202083720

51 KennySheep the Chopper (level 3, -2/33 HPs)
             Began as a Hill Orc Monk on Mar 3, 2024.
             Was a Priest of Vehumet.
             Slain by Natasha (7 damage)
             ... on level 2 of the Dungeon.
             The game lasted 00:04:10 (1726 turns).

KennySheep the Chopper (Hill Orc Monk)              Turns: 1726, Time: 00:04:11

Health: -2/33      AC:  6    Str: 13    XL:     3   Next: 81%
Magic:  0/3        EV:  9    Int: 18    God:    Vehumet [***...]
Gold:   126        SH:  0    Dex: 13    Spells: 1/2 levels left

rFire   . . .        a - +0 hand axe
rCold   . . .        d - orb {light}
rNeg    + . .        g - +0 scale mail
rPois   .            (no helmet)
rElec   .            (no cloak)
rCorr   .            (no gloves)
SInv    .            (no boots)
Will    .....        l - amulet of the acrobat Stlth
                     j - +6 ring of intelligence
HPRegen 0.25/turn    e - ring of positive energy
MPRegen 0.08/turn

%: acrobat
@: slowed, glowing, very slow
A: no striking features
a: Renounce Religion


You were on level 2 of the Dungeon.
You worshipped Vehumet.
Vehumet was most pleased with you.
You visited 1 branch of the dungeon, and saw 2 of its levels.

You collected 126 gold pieces.

Inventory:

Hand Weapons
 a - a +0 hand axe (weapon)
Armour
 b - a +0 robe
 d - an orb of light (worn)
 g - a +0 scale mail (worn)
Jewellery
 e - a ring of positive energy (right hand)
 j - a +6 ring of intelligence (left hand)
 l - an amulet of the acrobat (around neck)
Scrolls
 f - 2 scrolls of identify {unknown}
 h - a scroll of fog {unknown}
 k - a scroll of brand weapon {unknown}
Potions
 c - a potion of ambrosia
 i - a potion of enlightenment {unknown}
 m - a potion of curing {unknown}


   Skills:
 + Level 4.1 Fighting
 - Level 4.6 Axes
 + Level 1.2 Armour
 - Level 2.4 Dodging
 + Level 0.2 Spellcasting
 * Level 1.2 Conjurations
 * Level 0.6 Fire Magic


You had one spell level left.
You knew the following spells:

 Your Spells              Type           Power      Damage    Failure   Level
a - Foxfire               Conj/Fire      12%        2x1d4     17%         1

Your spell library contained the following spells:

 Spells                   Type           Power      Damage    Failure   Level
 Dazzling Flash           Conj/Hex       4%         N/A       50%         3


Dungeon Overview and Level Annotations

Branches:
Dungeon (2/15)

Altars:
Kikubaaqudgha
Vehumet

Shops:
D:1 *

Annotations:
D:2 Natasha


Message History

You feel as though you will be slow longer.
Casting: Foxfire (safe; 17% risk of failure)
Press: ? - help, Q - select action Dir - look around, f - activate You conjure some foxfire!
The foxfire hits Natasha.
Natasha is moderately wounded.
Natasha stares at you and mumbles some strange words.
The magic dart hits you!
Natasha stares at you and mumbles some strange words.
The magic dart hits you.
The foxfire hits Natasha.
Natasha is heavily wounded.
Casting: Foxfire (safe; 17% risk of failure)
Press: ? - help, Q - select action Dir - look around, f - activate You conjure some foxfire!
Natasha barely misses you.
Your foxfire dissipates!
The foxfire hits Natasha.
Natasha is heavily wounded.
Natasha hisses.
Natasha mumbles some strange words.
Casting: Foxfire (safe; 17% risk of failure)
Press: ? - help, Q - select action Dir - look around, f - activate You conjure some foxfire!
Natasha claws you!
You hit Natasha.
Natasha is severely wounded.
The cerulean imp hits you but does no damage.
Natasha claws you.
* * * LOW HITPOINT WARNING * * *
The cerulean imp hits you from afar with a +0 spear.
* * * LOW HITPOINT WARNING * * *
Natasha barely misses you.
Your foxfire dissipates!
Casting: Foxfire (safe; 17% risk of failure)
Press: ? - help, Q - select action Dir - look around, f - activate You conjure some foxfire!
Natasha claws you!
You die...
Natasha begins licking her fur clean.

#.# #.# #.# #.#
#.#########
#.#.......#
#.#.#####5# #.# #h#
########.# #@#
#........# #v#
#.##############.##
#.#...............#
#.####.############
#.####.# #......#
########


You could see Natasha (ally target) and a cerulean imp (summoned).

Vanquished Creatures
  2 ribbon worms (D:2)
  An orc (D:2)
  3 bats (D:1)
  4 endoplasms
  2 giant cockroaches (D:1)
  6 goblins
  4 hobgoblins
  4 jackals
  5 ball pythons
  2 frilled lizards (D:1)
  3 kobolds
  4 rats
40 creatures vanquished.

Vanquished Creatures (others)
  5 foxfires (D:2)
5 creatures vanquished.

Grand Total: 45 creatures vanquished

Notes
Turn   | Place    | Note
-------+----------+-------------------------------------------
     0 | D:1      | KennySheep the Hill Orc Monk began the quest for the Orb.
     0 | D:1      | Reached XP level 1. HP: 19/19 MP: 1/1
    26 | D:1      | Found Kaugotun's General Store.
   202 | D:1      | Reached XP level 2. HP: 22/27 MP: 2/2
   376 | D:1      | Reached skill level 1 in Armour
   706 | D:1      | Found a faded altar of an unknown god.
   728 | D:1      | Prayed at the altar of an unknown god.
   728 | D:1      | Became a worshipper of Vehumet
   728 | D:1      | Reached * piety under Vehumet
   728 | D:1      | Offered knowledge of Foxfire by Vehumet.
   728 | D:1      | Reached ** piety under Vehumet
   731 | D:1      | Learned a level 1 spell: Foxfire
   778 | D:1      | Offered knowledge of Static Discharge by Vehumet.
   876 | D:2      | Reached XP level 3. HP: 20/33 MP: 3/3
   994 | D:2      | Offered knowledge of Dazzling Flash by Vehumet.
  1031 | D:2      | Reached *** piety under Vehumet
  1216 | D:2      | Reached skill level 1 in Conjurations
  1428 | D:2      | Found an ancient bone altar of Kikubaaqudgha.
  1716 | D:2      | Noticed Natasha
  1726 | D:2      | Slain by Natasha

Illustrated notes

Levels and vault maps discovered:
D:1:      minmay_arrival_hallway, layout_basic,
          dreamdust_ecumenical_altar_angels_and_demons, serial_shops,
          nicolae_shop_tiny_real_fake_doors
D:2:      wad_crossroads, layout_basic, basic_altar, minmay_tall_x, uniq_natasha

Skill      XL: |  1  2  3 |
---------------+----------+-----
Armour         | 1 |  1.2
Fighting       | 4 |  4.1
Conjurations   | 1 |  1.2
Axes           | |  4.6
Dodging        | |  2.4
Spellcasting   | |  0.2
Fire Magic     | |  0.6

Action                     || total
---------------------------++-------
  Melee: Hand axe          ||   122
   Cast: Foxfire           ||     5
 Armour: Robe              ||    30
         Scale mail        ||    54
  Dodge: Dodged            ||    66
